 Dungeon Crawl Stone Soup version 0.31-a0-4-gefa6de2278 (webtiles) character file.

Game seed: 9034883091004334653

1482 olmar the Shield-Bearer (level 8, 0/49 HPs)
             Began as a Gargoyle Fighter on May 4, 2023.
             Was an Initiate of Gozag.
             Slain by Menkaure (6 damage)
             ... on level 6 of the Dungeon.
             The game lasted 00:04:35 (3940 turns).

olmar the Shield-Bearer (Gargoyle Fighter)          Turns: 3940, Time: 00:04:36

Health: 0/49       AC: 11    Str: 21    XL:     8   Next: 79%
Magic:  8/8        EV: 12    Int: 12    God:    Gozag
Gold:   223        SH:  5    Dex:  9    Spells: 7/7 levels left

rFire   . . .        y - +2 whip (venom)
rCold   . . .        c - +0 buckler
rNeg    + . .        u - +2 leather armour "Rimy" {Regen+ Int+2}
rPois   ∞            (no helmet)
rElec   +            (no cloak)
rCorr   +            (no gloves)
SInv    .            (no boots)
Will    .....        z - amulet of the acrobat
Stlth   +            i - ring of resist corrosion
HPRegen 1.08/turn    (no ring)
MPRegen 0.11/turn

%: acrobat
@: mighty
A: sickness immunity, AC +5, negative energy resistance 1, electricity
resistance, torment resistance 1, petrification resistance
a: Renounce Religion, Potion Petition, Call Merchant, Bribe Branch


You were on level 6 of the Dungeon.
You worshipped Gozag.
Gozag was aware of your devotion.
You visited 2 branches of the dungeon, and saw 7 of its levels.

You collected 319 gold pieces.
You paid 96 gold pieces to Gozag.

Inventory:

Hand Weapons
 a - a +0 flail
 y - a +2 whip of venom (weapon)
Missiles
 C - 7 poisoned darts (quivered)
Armour
 b - a +0 scale mail
 c - a +0 buckler (worn)
 u - the +2 leather armour "Rimy" (worn) {Regen+ Int+2}
   (You found it on level 3 of the Dungeon)

   Int:       It affects your intelligence (+2).
   Regen:     It increases your rate of health regeneration.
Jewellery
 i - a ring of resist corrosion (left hand)
 z - an amulet of the acrobat (around neck)
Wands
 r - a wand of flame (38)
Scrolls
 e - 3 scrolls of vulnerability
 f - a scroll of identify
 j - 3 scrolls of fog {unknown}
 o - 2 scrolls of enchant weapon
 q - a scroll of poison
 t - a scroll of noise {unknown}
 w - 4 scrolls of teleportation
 x - a scroll of amnesia {unknown}
 A - a scroll of immolation {unknown}
 B - a scroll of magic mapping {unknown}
Potions
 d - a potion of might
 g - a potion of attraction {unknown}
 h - a potion of brilliance {unknown}
 k - a potion of flight {unknown}
 l - a potion of ambrosia {unknown}
 m - a potion of lignification {unknown}
 n - 2 potions of magic {unknown}
 p - a potion of heal wounds {unknown}
 s - 2 potions of degeneration {unknown}
 v - a potion of berserk rage {unknown}


   Skills:
 + Level 5.3 Fighting
 + Level 6.0 Maces & Flails
 + Level 4.9 Armour
 - Level 3.6 Dodging
 + Level 1.5 Stealth
 + Level 6.7 Shields


You had 7 spell levels left.
You didn't know any spells.
Your spell library contained the following spells:

 Spells                   Type           Power      Damage    Failure   Level
 Foxfire                  Conj/Fire      0%         2x1d4     41%         1
 Call Canine Familiar     Summ           0%         N/A       80%         3
 Portal Projectile        Hex/Tloc       0%         N/A       80%         3
 Leda's Liquefaction      Hex/Erth       0%         N/A       99%         4
 Fireball                 Conj/Fire      0%         3d3       100%        5
 Plasma Beam              Fire/Air       0%         2x1d11    100%        6
 Starburst                Conj/Fire      0%         6d3       100%        6


Dungeon Overview and Level Annotations

Branches:
Dungeon (6/15)             Temple (1/1) D:5

Altars:
Cheibriados
Dithmenos
Elyvilon
Fedhas
Gozag
Kikubaaqudgha
Qazlal
Sif Muna
Vehumet
Wu Jian
Xom
Yredelemnul
Zin

Shops:
D:1 =

Annotations:
D:6 Menkaure


Innate Abilities, Weirdness & Mutations

You are immune to sickness and miasma.
Your stone body is resilient. (AC +5)
You are immune to poison.
You resist negative energy. (rN+)
You are resistant to electric shocks. (rElec)
You are resistant to unholy torment.
You are immune to petrification.


Message History

You barely miss Menkaure.
Menkaure gestures wildly while chanting.
Menkaure seems to speed up.
You hit Menkaure but do no damage. Menkaure barely misses you.
You hit Menkaure.
Menkaure is lightly damaged.
Menkaure misses you.
You hit Menkaure.
Menkaure is moderately damaged.
Menkaure hits you!
You hit Menkaure.
Menkaure is heavily damaged.
Menkaure barely misses you.
You hit Menkaure.
Menkaure is heavily damaged.
You block Menkaure's attack.
You hit Menkaure but do no damage.
Menkaure is heavily damaged.
Menkaure calls on the powers of darkness!
Your body is wracked with pain!
You barely miss Menkaure.
Menkaure is heavily damaged.
Menkaure screams, "Why can't you leave me to my rest?"
Menkaure barely misses you.
You barely miss Menkaure.
Menkaure is heavily damaged.
Menkaure hits you!
* * * LOW HITPOINT WARNING * * *
Unknown command.
You are too injured to fight recklessly!
Unknown command.
You are too injured to fight recklessly!
You feel very mighty all of a sudden. Menkaure hits you!
* * * LOW HITPOINT WARNING * * *
You whack Menkaure!
Menkaure is almost destroyed.
Menkaure hits you.
You die...
Your body crumbles into a pile of gold.

######## # #......# #
#.....$################
#....M@..............##
#.........####.......##
#.........# #.......#
##.....$..####.......##
..........+............
.....!.....####.......##
########.#+#####........
... .............
.............


You could see Menkaure (fast).

Vanquished Creatures
  Prince Ribbit (D:5)
  A hornet (D:6)
  Sigmund (D:5)
  A water moccasin (D:5)
  An ice beast (D:6)
  A phantom (D:5)
  A bullfrog (D:6)
  2 scorpions
  4 hounds (D:5)
  2 orc priests (D:5)
  2 jellies
  Jessica (D:2)
  2 iguanas
  2 orc wizards
  7 adders
  An ufetubus (D:5)
  A worm (D:2)
  A dart slug (D:2)
  6 orcs
  A ball python (D:1)
  7 endoplasms
  3 giant cockroaches
  7 goblins
  4 hobgoblins
  3 jackals (D:4)
  4 kobolds
  3 quokkas
  4 bats
  4 frilled lizards
  A rat (D:2)
  A spectral orc (D:3)
80 creatures vanquished.

Notes
Turn   | Place    | Note
-------+----------+-------------------------------------------
     0 | D:1      | olmar the Gargoyle Fighter began the quest for the Orb.
     0 | D:1      | Reached XP level 1. HP: 14/14 MP: 1/1
    18 | D:1      | Found Qurch's Jewellery Shoppe.
   127 | D:1      | Reached XP level 2. HP: 19/19 MP: 2/2
   678 | D:2      | Reached XP level 3. HP: 23/23 MP: 3/3
   947 | D:2      | Noticed Jessica
   949 | D:2      | Killed Jessica
   950 | D:2      | Reached XP level 4. HP: 12/28 MP: 4/4
  1623 | D:3      | Identified the +2 leather armour "Rimy" {Regen+ Int+2}
  1902 | D:3      | Found a basalt altar of Yredelemnul.
  2135 | D:3      | Reached skill level 1 in Dodging
  2149 | D:4      | Reached XP level 5. HP: 30/33 MP: 5/5
  2438 | D:4      | Found a shimmering blue altar of Sif Muna.
  2827 | D:5      | Entered Level 5 of the Dungeon
  2877 | D:5      | Reached XP level 6. HP: 35/38 MP: 6/6
  2988 | D:5      | You fall into a shaft and drop 1 floor!
  3001 | D:5      | Reached skill level 1 in Stealth
  3042 | D:5      | Reached XP level 7. HP: 41/43 MP: 7/7
  3122 | D:5      | Noticed Sigmund
  3128 | D:5      | Killed Sigmund
  3129 | D:5      | Reached skill level 5 in Maces & Flails
  3129 | D:5      | Reached skill level 5 in Shields
  3248 | D:5      | Found a staircase to the Ecumenical Temple.
  3265 | Temple   | Entered the Ecumenical Temple
  3310 | Temple   | Became a worshipper of Gozag Ym Sagoz the Greedy
  3488 | D:5      | Reached XP level 8. HP: 47/48 MP: 8/8
  3505 | D:5      | Noticed Prince Ribbit
  3536 | D:5      | Killed Prince Ribbit
  3600 | D:6      | Reached skill level 5 in Fighting
  3886 | D:6      | Noticed a hornet
  3897 | D:6      | Killed a hornet
  3926 | D:6      | Noticed Menkaure
  3940 | D:6      | Slain by Menkaure

Illustrated notes

Levels and vault maps discovered:
D:1:      psy_arrival_conway, layout_rooms, serial_shops,
          nicolae_shop_tiny_statue_garden
D:2:      layout_loops_corners, uniq_jessica
D:3:      layout_loops_ring, yredelemnul_forgotten_temple_becter
D:4:      layout_loops_ring, kennysheep_mini_moat
D:5:      layout_rooms, temple_pool_b, grunt_ministairs_15,
          grunt_decor_arrowhead, uniq_sigmund, uniq_prince_ribbit1
D:6:      layout_basic, uniq_menkaure
Temple:   nicolae_temple_superstar

Skill      XL: |  1  2  3  4  5  6  7  8 |
---------------+-------------------------+-----
Maces & Flails | 3 4 5 6 |  6.0
Dodging        | 1 2 3 |  3.6
Shields        | 4 5 6 |  6.7
Armour         | 4 |  4.9
Fighting       | 4 5 |  5.3
Stealth        | 1 |  1.5

Action                     |  1- 3 |  4- 6 |  7- 9 || total
---------------------------+-------+-------+-------++-------
  Melee: Flail             |    80 |    60 |       ||   140
         Whip              |       |   112 |   124 ||   236
  Throw: Dart              |       |       |     1 ||     1
    Use: Scroll            |       |     4 |       ||     4
         Potion            |       |     1 |     3 ||     4
 Armour: Scale mail        |    43 |    13 |       ||    56
         Leather armour    |       |    84 |    39 ||   123
  Dodge: Dodged            |    49 |   109 |    79 ||   237
  Block: Buckler           |    20 |    54 |    24 ||    98

Table legend: (Time is in decaauts)
 A = Elapsed time spent in this place.
 B = Non-inter-level travel time spent in this place.
 C = Inter-level travel time spent in this place.
 D = Time resting spent in this place.
 E = Time spent auto-exploring this place.
 F = Levels seen in this place.
 G = Mean time per level.
                   A        B        C        D        E       F      G
               +--------+--------+--------+--------+--------+-----+--------+
         Total |   3966 |   3880 |     86 |     21 |   3119 |   7 |  566.6 |
       Dungeon |   3897 |   3817 |     80 |     21 |   3073 |   6 |  649.5 |
        Temple |     68 |     62 |      6 |      0 |     46 |   1 |   68.0 |
               +--------+--------+--------+--------+--------+-----+--------+

Top non-repeatable levels by time:
     D:2: 975 daAuts
     D:4: 690 daAuts
     D:5: 662 daAuts
     D:3: 639 daAuts
     D:1: 565 daAuts
     D:6: 364 daAuts
  Temple: 68 daAuts
